 Dungeon Crawl Stone Soup version 0.30.1-3-gfc49f6343a (webtiles) character file.

Game seed: 12213177455809884976

991 booth the Firebug (level 7, -7/46 HPs)
             Began as a Demonspawn Fire Elementalist on July 19, 2023.
             Was an Initiate of Vehumet.
             Killed by an exploding orc wizard (21 damage)
             ... ignited by their inner flame
             ... on level 5 of the Dungeon on July 23, 2023.
             The game lasted 00:42:29 (4828 turns).

booth the Firebug (Demonspawn Fire Elementalist)    Turns: 4828, Time: 00:42:30

Health: -7/46      AC:  6    Str:  6 (9)  XL:     7   Next: 98%
Magic:  2/13       EV: 12    Int: 17 (18) God:    Vehumet [......]
Gold:   234        SH:  0    Dex: 11 (13) Spells: 5/14 levels left

rFire   . . .        c - +4 dagger
rCold   . . .        (no shield)
rNeg    + . .        j - +2 robe of Foolhardiness {Rampage rN+}
rPois   .            (helmet restricted)
rElec   .            k - +0 cloak
rCorr   .            s - +0 pair of gloves
SInv    .            (no boots)
Will    .....        w - amulet of regeneration
Stlth   ++           (no ring)
HPRegen 1.07/turn    (no ring)
MPRegen 0.13/turn

%: rampage
@: no status effects
A: horns 1, demonic guardian 1
a: Renounce Religion


You were on level 5 of the Dungeon.
You worshipped Vehumet.
Vehumet was noncommittal.
You visited 2 branches of the dungeon, and saw 6 of its levels.

You collected 234 gold pieces.

Inventory:

Hand Weapons
 c - a +4 dagger (weapon)
 h - a +2 quarterstaff of chaos
 l - a +0 hammer
 n - a +0 mace
 p - a +2 falchion of venom
 x - the +7 trident "Transmigrator" {protect, Dex+4}
   (You found it on level 4 of the Dungeon)

   Dex:       It affects your dexterity (+4).
Missiles
 f - 3 javelins (quivered)
 o - a throwing net
Armour
 a - a +0 robe
 g - a +1 scale mail of positive energy
 i - a +0 leather armour
 j - the +2 robe of Foolhardiness (worn) {Rampage rN+}
   (You found it on level 2 of the Dungeon)

   rN:        It protects you from negative energy.
   Rampage:   It bestows one free step when moving towards enemies.
 k - a +0 cloak (worn)
 s - a +0 pair of gloves (worn)
Jewellery
 w - an amulet of regeneration (around neck)
Scrolls
 e - a scroll of amnesia
 q - a scroll of poison
Potions
 b - a potion of magic
 d - a potion of brilliance
 m - a potion of flight
 t - 2 potions of might
 z - a potion of degeneration


   Skills:
 + Level 3.5 Dodging
 + Level 3.9 Stealth
 * Level 4.2 Spellcasting
 * Level 4.1 Conjurations
 + Level 1.4 Hexes
 + Level 1.2 Translocations
 * Level 4.6 Fire Magic


You had 5 spell levels left.
You knew the following spells:

 Your Spells              Type           Power      Damage    Failure   Level
a - Foxfire               Conj/Fire      72%        2x1d7     2%          1
b - Scorch                Fire           38%        2d6       3%          2
c - Inner Flame           Hex/Fire       13%        N/A       13%         3
d - Volatile Blastmotes   Fire/Tloc      26%        2d12      14%         3

Your spell library contained the following spells:

 Spells                   Type           Power      Damage    Failure   Level
 Portal Projectile        Hex/Tloc       16%        N/A       26%         3
 Flame Wave               Conj/Fire      18%        2d7       26%         4
 Call Canine Familiar     Summ           3%         N/A       43%         3
 Leda's Liquefaction      Hex/Erth       3%         N/A       75%         4


Dungeon Overview and Level Annotations

Branches:
Dungeon (5/15)             Temple (1/1) D:4

Altars:
Cheibriados
Gozag
Hepliaklqana
Kikubaaqudgha
Makhleb
Nemelex Xobeh
Okawaru
Qazlal
Ru
Sif Muna
Trog
Uskayaw
Vehumet
Wu Jian

Annotations:
D:4 3 runed translucent doors, superradish's ghost, weakling DsBr


Innate Abilities, Weirdness & Mutations

You have a pair of small horns on your head.
A weak demonic guardian rushes to your aid.


Message History

The orc barely misses you. Something hits you.
* * * LOW HITPOINT WARNING * * *
A demonic guardian appears!
Something hits you but does no damage.
You are lethally poisoned!
The orc closely misses you.
You feel better.
Your quasit bites something but does no damage.
Your quasit misses something.
Your quasit barely misses something.
The orc closely misses you. The orc hits you but does no damage.
You hear some strange, mumbled words.
A magic dart appears from out of thin air!
The magic dart hits you.
* * * LOW HITPOINT WARNING * * *
Something completely misses your quasit.
Your magical contamination has completely faded away.
Okay, then.
Really read the scroll of immolation?
As you read the scroll of immolation, it crumbles to dust.
The creatures around you are filled with an inner flame!
Your quasit barely misses something. x3; The orc hits you but does no damage.
The orc barely misses you.
You hear some strange, mumbled words.
Something tries to affect you, but you resist.
Something hits your quasit but does no damage.
As you read the scroll labelled AHOMOE JOT LAP, it crumbles to dust.
You assume a fearsome visage.
The orc looks frightened! x2
It was a scroll of fear.
Your quasit barely misses something.
Your quasit claws something but does no damage.
Your quasit closely misses something.
Something hits your quasit. Flame seeps out of your quasit.
Your quasit bites something.
Flame seeps out of something.
Your quasit claws something but does no damage.
Your quasit closely misses something.
Your quasit barely misses something.
Your quasit closely misses something. x2
Vehumet accepts your kill.
Reactivating autopickup.
You feel a bit more experienced.
The orc wizard explodes!
The fiery explosion engulfs you!!
You die...

#########.....>........
#......................
#......................
#.....................#
#.....................#
########.)###.........'
#5§.#.#.........#
##○###.#+#...
#@§#..:..#.. #.)###.###
#..). .#... #o#o.###...
#.......... ###.##.....
.. ##' ..


You could see 2 orcs and a friendly quasit (summoned, inner flame).

Vanquished Creatures
  Sigmund (D:2)
  An ice beast (D:5)
  A black bear (D:4)
  A phantom (D:4)
  A scorpion (D:5)
  A howler monkey (D:4)
  2 jellies (D:4)
  Crazy Yiuf (D:2)
  3 hounds
  2 iguanas (D:4)
  2 orc wizards (D:5)
  Natasha (twice) (D:2)
  6 adders
  A gnoll (D:3)
  2 ufetubi (D:5)
  2 dart slugs
  A worm (D:2)
  9 orcs
  A bat zombie (D:4)
  4 endoplasms
  2 giant cockroaches
  9 goblins
  7 hobgoblins
  5 jackals (D:1)
  4 quokkas
  6 ball pythons
  5 bats
  6 frilled lizards
  7 kobolds
  8 rats
  2 rat zombies (D:4)
105 creatures vanquished.

Vanquished Creatures (others)
  188 foxfires
188 creatures vanquished.

Grand Total: 293 creatures vanquished

Notes
Turn   | Place    | Note
-------+----------+-------------------------------------------
     0 | D:1      | booth the Demonspawn Fire Elementalist began the quest for
                  | the Orb.
     0 | D:1      | Reached XP level 1. HP: 13/13 MP: 3/3
   310 | D:1      | Gained mutation: You have a pair of small horns on your
                  | head. [demonic ancestry]
   310 | D:1      | Reached XP level 2. HP: 19/19 MP: 1/5
   365 | D:1      | Learned a level 2 spell: Scorch
   665 | D:1      | Reached XP level 3. HP: 22/24 MP: 3/6
   866 | D:2      | Noticed Natasha
   877 | D:2      | Killed Natasha
  1055 | D:2      | Learned a level 3 spell: Inner Flame
  1128 | D:2      | Noticed Sigmund
  1158 | D:2      | Reached XP level 4. HP: 18/30 MP: 4/7
  1245 | D:2      | Killed Sigmund
  1246 | D:2      | Reached XP level 5. HP: 33/35 MP: 1/9
  1342 | D:2      | Identified the +2 robe of Foolhardiness {Rampage rN+}
  1361 | D:2      | Noticed Natasha
  1367 | D:2      | Killed Natasha
  1555 | D:2      | Reached XP level 6. HP: 41/41 MP: 1/10
  1808 | D:2      | Found a runed translucent door.
  1813 | D:2      | Learned a level 3 spell: Volatile Blastmotes
  1814 | D:2      | Noticed Crazy Yiuf
  1824 | D:2      | Killed Crazy Yiuf
  1939 | D:3      | Identified the +8 spear of Uphew {speed, Str+4}
  2375 | D:3      | Found a faded altar of an unknown god.
  2622 | D:3      | Found a radiant altar of Vehumet.
  3355 | D:4      | Found a runed translucent gate.
  3355 | D:4      | Found a runed translucent gate.
  3355 | D:4      | Found a runed translucent gate.
  3356 | D:4      | Noticed superradish's ghost (weakling DsBr)
  3395 | D:4      | Gained mutation: A weak demonic guardian rushes to your
                  | aid. [demonic ancestry]
  3395 | D:4      | Reached XP level 7. HP: 25/46 MP: 2/12
  3495 | D:4      | Found an ornate altar of the Wu Jian Council.
  3581 | D:4      | Found a staircase to the Ecumenical Temple.
  3630 | Temple   | Entered the Ecumenical Temple
  3791 | D:3      | Became a worshipper of Vehumet
  3879 | D:4      | Found an iron altar of Okawaru.
  3925 | D:4      | Reached skill level 1 in Hexes
  4004 | D:4      | Identified the +7 trident "Transmigrator" {protect, Dex+4}
  4229 | D:4      | Found an ancient bone altar of Kikubaaqudgha.
  4311 | D:5      | Entered Level 5 of the Dungeon
  4553 | D:5      | Reached skill level 1 in Translocations
  4828 | D:5      | Killed by an exploding orc wizard... ignited by their inner
                  | flame

Illustrated notes

Levels and vault maps discovered:
D:1:      nzn_arrival_depleted_hourglass, layout_rooms
D:2:      layout_basic, skrybe_limestone_x, uniq_natasha,
          uniq_crazy_yiuf_cottage, uniq_sigmund
D:3:      layout_basic, marbit_many_paths, shapermc_ecumenical_altar_venn
D:4:      layout_cave_pools, lemuel_zombie_altar_kikubaaqudgha,
          mainiacjoe_overflow_brackets, old_standard_altar,
          mainiacjoe_overflow_catwalk, minmay_temple_entry_stoned_glass,
          gammafunk_ghost_necromancy, minmay_pentomino_pile
D:5:      layout_gridville, ebering_ghost_rock_garden, minmay_misc_feat_five,
          minmay_a_box_with_orc_wizards_in_it
Temple:   eino_temple_lava

Skill      XL: |  1  2  3  4  5  6  7 |
---------------+----------------------+-----
Stealth        | 2 3 |  3.9
Dodging        | 2 3 |  3.5
Fire Magic     | 3 4 |  4.6
Spellcasting   | 3 4 |  4.2
Conjurations   | 2 3 4 |  4.1
Hexes          | 1 |  1.4
Translocations | 1 |  1.2

Action                     |  1- 3 |  4- 6 |  7- 9 || total
---------------------------+-------+-------+-------++-------
  Melee: Dagger            |    47 |    54 |    32 ||   133
         Unarmed           |     1 |       |       ||     1
         Headbutt          |     6 |    10 |     8 ||    24
         Punch             |       |       |     1 ||     1
  Throw: Javelin           |       |     2 |       ||     2
   Cast: Foxfire           |    34 |    38 |    43 ||   115
         Scorch            |     2 |    13 |    10 ||    25
    Use: Scroll            |     2 |     4 |     4 ||    10
         Potion            |       |     2 |     2 ||     4
 Armour: Robe              |     6 |    14 |    21 ||    41
  Dodge: Dodged            |    47 |    39 |    26 ||   112
